 Dungeon Crawl Stone Soup version 0.31-a0-986-g5e6e4ef867 (webtiles) character file.

Game seed: 9940660026983642685

397 Aldia the Conjurer (level 6, -1/34 HPs)
             Began as a Deep Elf Conjurer on Nov 22, 2023.
             Was an Initiate of Sif Muna.
             Slain by a hound (4 damage)
             ... on level 4 of the Dungeon.
             The game lasted 00:09:13 (4213 turns).

Aldia the Conjurer (Deep Elf Conjurer)              Turns: 4213, Time: 00:09:15

Health: -1/34      AC:  2    Str:  4    XL:     6   Next: 53%
Magic:  0/15       EV: 13    Int: 25    God:    Sif Muna [......]
Gold:   156        SH:  0    Dex: 13    Spells: 0/15 levels left

rFire   . . .        d - +1 short sword
rCold   . . .        (no shield)
rNeg    . . .        a - +0 robe
rPois   .            (no helmet)
rElec   .            (no cloak)
rCorr   .            (no gloves)
SInv    .            (no boots)
Will    .....        (no amulet)
Stlth   ++           (no ring)
HPRegen 0.25/turn    (no ring)
MPRegen 0.14/turn

%: no passive effects
@: no status effects
A: no striking features
a: Renounce Religion


You were on level 4 of the Dungeon.
You worshipped Sif Muna.
Sif Muna was noncommittal.
You visited 2 branches of the dungeon, and saw 5 of its levels.

You collected 156 gold pieces.

Inventory:

Hand Weapons
 d - a +1 short sword (weapon)
Armour
 a - a +0 robe (worn)
 k - a +0 buckler
Jewellery
 i - an amulet of regeneration
 r - an amulet of guardian spirit
Scrolls
 b - a scroll of amnesia {unknown}
 c - 2 scrolls of teleportation
 e - a scroll of enchant armour {unknown}
 f - a scroll of acquirement {unknown}
 g - a scroll of poison {unknown}
Potions
 h - a potion of curing
 m - a potion of haste
 n - a potion of invisibility {unknown}
 o - a potion of attraction {unknown}
 p - a potion of enlightenment {unknown}


   Skills:
 + Level 1.5 Fighting
 + Level 3.7 Dodging
 - Level 4.0 Stealth
 - Level 0.3 Shields
 + Level 5.0 Spellcasting
 + Level 6.1 Conjurations
 + Level 2.1 Hexes


You couldn't memorise any spells.
You knew the following spells:

 Your Spells              Type           Power      Damage    Failure   Level
a - Magic Dart            Conj           100%       1d8       1%          1
b - Searing Ray           Conj           72%        2d7       1%          2
c - Fulminant Prism       Conj/Hex       13%        3d9       16%         4
d - Iskenderun's Mystic   Conj/Tloc      21%        2d6       24%         4
e - Olgreb's Toxic Radia  Pois           6%         N/A       63%         4

Your spell library contained the following spells:

 Spells                   Type           Power      Damage    Failure   Level
 Dazzling Flash           Conj/Hex       52%        N/A       4%          3
 Sting                    Tmut/Pois      24%        1d4       9%          1
 Poisonous Vapours        Pois/Air       12%        N/A       12%         2
 Leda's Liquefaction      Hex/Erth       5%         N/A       47%         4
 Lee's Rapid Deconstruct  Erth           3%         3d5*      92%         5
 Bombard                  Conj/Erth      10%        9d3       98%         6


Dungeon Overview and Level Annotations

Branches:
Dungeon (4/15)             Temple (1/1) D:4

Altars:
Ashenzari
Cheibriados
Dithmenos
Gozag
Hepliaklqana
Kikubaaqudgha
Makhleb
Nemelex Xobeh
Okawaru
Qazlal
Sif Muna
Trog
Uskayaw
Vehumet
Wu Jian
Xom
Zin
The Shining One

Annotations:
D:3 2 transporters, 3 runed translucent doors, croobank's ghost, amateur GnSh; kaesle's ghost, amateur HOFi; wireframewife's ghost, amateur GnWr


Message History

The hound is heavily wounded.
The hound bites you. x2
The searing ray misses the hound.
You finish channelling your searing ray.
The hound closely misses you.
You are too injured to fight recklessly!
You are too injured to fight recklessly!
Casting: Searing Ray (safe; 1% risk of failure)
Confirm with . or Enter, or press ? or * to list all spells.
Aiming: Magic Dart (safe; 1% risk of failure)
Press: ? - help, Shift-Dir - straight line, f/p - hound
Aim: a hound (heavily wounded, 100% to hit)
The magic dart hits the hound.
The hound is severely wounded.
The hound misses you. The hound bites you.
* * * LOW HITPOINT WARNING * * *
Casting: Magic Dart (safe; 1% risk of failure)
Confirm with . or Enter, or press ? or * to list all spells.
Aiming: Magic Dart (safe; 1% risk of failure)
Press: ? - help, Shift-Dir - straight line, f/p - hound
Aim: a hound (severely wounded, 100% to hit)
The magic dart hits the hound.
The hound is severely wounded.
An orc comes into view. It is wielding a +0 spear.
The hound barely misses you.
You hit the hound.
The hound is almost dead.
The hound bites you.
* * * LOW HITPOINT WARNING * * *
The orc throws a boomerang.
The boomerang hits you.
* * * LOW HITPOINT WARNING * * *
The hound misses you.
Okay, then.
As you read the scroll of summoning, it crumbles to dust.
Wisps of shadow whirl around you...
The orc throws a boomerang.
The boomerang hits your goblin.
Your goblin dies!
Your goblin's corpse dissolves into shadows!
The hound bites you.
You die...

,..,....,.####...####...........*
,...#.##,.........#.)..........#*
,*#,.#*,,.........#...........#*
***..**,,........)...........## #
**,,,**,*.....................# #
*,,,,**,*..........##....#.##.###
**,,,,,,,......h....##...####..##
**,,,,,,......h...###...####....
**,,,,*#....##@###*#...##....).
*,,,,,,....,,#)#***..#.#.......
***,,,,..##...)o...#.#....>.÷).
*,,,,,,*#$.##....oo...##.#...
**,*,,,....,,..###......<.÷..
****....#,**..#*.....##.....
*###.*,**###*....#####... #****
*#..######... #########...


You could see a hound (ally target), an orc and a friendly hound (summoned).

Vanquished Creatures
  A black bear (D:4)
  A hound (D:3)
  An orc priest (D:4)
  An iguana (D:4)
  4 orc wizards
  An adder (D:2)
  3 worms (D:2)
  2 dart slugs
  18 orcs
  5 bats
  4 endoplasms
  4 giant cockroaches
  9 goblins
  5 hobgoblins
  3 jackals (D:1)
  15 ball pythons
  3 frilled lizards
  4 kobolds
  2 rats (D:1)
86 creatures vanquished.

Vanquished Creatures (others)
  2 fulminant prisms (D:4)
2 creatures vanquished.

Grand Total: 88 creatures vanquished

Notes
Turn   | Place    | Note
-------+----------+-------------------------------------------
     0 | D:1      | Aldia the Deep Elf Conjurer began the quest for the Orb.
     0 | D:1      | Reached XP level 1. HP: 10/10 MP: 6/6
   167 | D:1      | Reached XP level 2. HP: 15/15 MP: 5/8
   177 | D:1      | Learned a level 2 spell: Searing Ray
  1109 | D:2      | Reached XP level 3. HP: 20/20 MP: 6/10
  1194 | D:2      | Reached skill level 5 in Conjurations
  1315 | D:2      | Reached skill level 1 in Fighting
  1315 | D:2      | Reached XP level 4. HP: 24/25 MP: 7/11
  1370 | D:2      | Learned a level 4 spell: Fulminant Prism
  2338 | D:3      | Found a transporter.
  2361 | D:3      | Found a hide-covered altar of Uskayaw.
  2475 | D:3      | Found a runed translucent gate.
  2600 | D:3      | Found a runed translucent gate.
  2602 | D:3      | Found a runed translucent gate.
  2605 | D:3      | Noticed kaesle's ghost (amateur HOFi)
  2605 | D:3      | Noticed wireframewife's ghost (amateur GnWr)
  2605 | D:3      | Noticed croobank's ghost (amateur GnSh)
  2637 | D:3      | Found a transporter.
  2947 | D:3      | Reached XP level 5. HP: 29/29 MP: 9/13
  3024 | D:3      | Found a glowing silver altar of Zin.
  3486 | D:3      | Learned a level 4 spell: Iskenderun's Mystic Blast
  3787 | D:4      | Reached skill level 1 in Hexes
  3884 | D:4      | Found a staircase to the Ecumenical Temple.
  3908 | Temple   | Entered the Ecumenical Temple
  3929 | Temple   | Became a worshipper of Sif Muna the Loreminder
  3951 | D:4      | Noticed a black bear
  3956 | D:4      | Killed a black bear
  3957 | D:4      | Reached skill level 6 in Conjurations
  3957 | D:4      | Reached XP level 6. HP: 34/34 MP: 7/15
  4029 | D:4      | Found a radiant altar of Vehumet.
  4157 | D:4      | Reached skill level 5 in Spellcasting
  4186 | D:4      | Learned a level 4 spell: Olgreb's Toxic Radiance
  4213 | D:4      | Slain by a hound

Illustrated notes

Levels and vault maps discovered:
D:1:      dpeg_arrival_snail, layout_loops_ring, minmay_misc_feat_more_columns
D:2:      layout_basic
D:3:      gammafunk_steamed_eel, layout_basic, mainiacjoe_overflow_alcove_1,
          nicolae_uskayaw_murder_on_the_dancefloor, gammafunk_ghost_cemetery,
          grunt_ministairs_11
D:4:      layout_cave_pools, nicolae_vehumet_radiance, temple_doors_e
Temple:   eino_wide_crystal_templ

Skill      XL: |  1  2  3  4  5  6 |
---------------+-------------------+-----
Stealth        | 3 4 |  4.0
Conjurations   | 5 6 |  6.1
Fighting       | 1 |  1.5
Dodging        | 3 |  3.7
Spellcasting   | 4 5 |  5.0
Hexes          | 1 2 |  2.1
Shields        | |  0.3

Action                     |  1- 3 |  4- 6 || total
---------------------------+-------+-------++-------
  Melee: Short sword       |     2 |    20 ||    22
   Cast: Magic Dart        |    55 |   102 ||   157
         Searing Ray       |     1 |    11 ||    12
         Fulminant Prism   |       |     2 ||     2
    Use: Scroll            |       |     8 ||     8
         Potion            |       |     2 ||     2
 Armour: Robe              |     3 |    34 ||    37
  Dodge: Dodged            |     2 |    46 ||    48
  Block: Buckler           |       |     1 ||     1

Table legend: (Time is in decaauts)
 A = Elapsed time spent in this place.
 B = Non-inter-level travel time spent in this place.
 C = Inter-level travel time spent in this place.
 D = Time resting spent in this place.
 E = Time spent auto-exploring this place.
 F = Levels seen in this place.
 G = Mean time per level.
                   A        B        C        D        E       F      G
               +--------+--------+--------+--------+--------+-----+--------+
         Total |   4214 |   3957 |    257 |    242 |   3096 |   5 |  842.8 |
       Dungeon |   4173 |   3950 |    223 |    242 |   3096 |   4 | 1043.2 |
        Temple |     40 |      6 |     34 |      0 |      0 |   1 |   40.0 |
               +--------+--------+--------+--------+--------+-----+--------+

Top non-repeatable levels by time:
     D:3: 1383 daAuts
     D:2: 1244 daAuts
     D:1: 1069 daAuts
     D:4: 475 daAuts
  Temple: 40 daAuts
